 Dungeon Crawl Stone Soup version 0.29-a0-356-g7bc237e783 (webtiles) character file.

Game seed: 2100626376304980077

1420 spaghetti the Fighter (level 8, 0/94 HPs)
             Began as an Ogre Berserker on Apr 26, 2022.
             Was a Believer of Trog.
             Succumbed to a hornet's poison
             ... on level 6 of the Dungeon.
             The game lasted 00:09:10 (7211 turns).

spaghetti the Fighter (Ogre Berserker)              Turns: 7211, Time: 00:09:11

Health: 0/94       AC:  4    Str: 24    XL:     8   Next: 71%
Magic:  8/8        EV: 12    Int:  8    God:    Trog [**....]
Gold:   289        SH:  0    Dex: 15    Spells: 7/7 levels left

rFire   . . .      SeeInvis .   u - +3 whip of the Owl {vorpal, rC+ Dex+7, mace}
rCold   + . .      Faith    .   (no shield)
rNeg    . . .      Spirit   .   a - +0 animal skin
rPois   .          Reflect  .   (helmet restricted)
rElec   .          Harm     .   F - +0 cloak
rCorr   .          Rampage  .   (gloves unavailable)
Will    ++...                   (boots unavailable)
Stlth   +.........              (no amulet)
HPRegen 1.25/turn               i - ring of flight
MPRegen 0.11/turn               (no ring)

@: lethally poisoned (0 -> -9), strong-willed, on berserk cooldown, attractive,
flying, regenerating, slowed, very slow
A: large, unfitting armour, tough skin 1
a: Renounce Religion, Berserk, Trog's Hand


You were on level 6 of the Dungeon.
You worshipped Trog.
Trog was pleased with you.
You visited 1 branch of the dungeon, and saw 6 of its levels.

You collected 289 gold pieces.


Innate Abilities, Weirdness & Mutations

You are too large for most types of armour.
You have tough skin. (AC +1)


   Skills:
 * Level 10.3 Fighting
 + Level 4.9 Throwing
 + Level 5.4 Dodging
 - Level 3.1 Unarmed Combat


You had 7 spell levels left.
You didn't know any spells.
Your spell library contained the following spells:

 Spells                   Type           Power      Damage    Failure   Level
 Blink                    Tloc           0%         N/A       54%         2
 Gell's Gravitas          Tloc           0%         N/A       78%         3
 Lesser Beckoning         Tloc           0%         N/A       78%         3
 Teleport Other           Tloc           0%         N/A       78%         3
 Manifold Assault         Tloc           0%         N/A       100%        5

Inventory:

Hand Weapons
 e - a +0 mace {mace}
   (You found it on level 1 of the Dungeon)
 h - a +0 short sword {short}
   (You took it off a kobold on level 1 of the Dungeon)
 j - a +0 club {mace}
   (You took it off a goblin on level 1 of the Dungeon)
 m - a +0 whip {mace}
   (You found it on level 1 of the Dungeon)
 n - a +0 short sword {short}
   (You took it off a kobold on level 1 of the Dungeon)
 o - a +2 hand axe of freezing {axe}
   (You found it on level 1 of the Dungeon)
 q - a +0 whip {mace}
   (You found it on level 1 of the Dungeon)
 u - the +3 whip of the Owl (weapon) {vorpal, rC+ Dex+7, mace}
   (You found it on level 2 of the Dungeon)

   It inflicts extra damage upon your enemies.
   Dex:       It affects your dexterity (+7).
   rC:        It protects you from cold.
Missiles
 b - 215 stones (quivered) {throwing}
 k - 4 poisoned darts {throwing}
Armour
 a - a +0 animal skin (worn)
 F - a +0 cloak (worn)
   (You found it on level 4 of the Dungeon)
Magical Staves
 w - a staff of death {forbidden!astaff}
   (You found it on level 2 of the Dungeon)
 E - a staff of earth {forbidden!astaff}
   (You took it off a gnoll on level 3 of the Dungeon)
Jewellery
 i - a ring of flight (left hand)
   (You found it on level 1 of the Dungeon)
 A - a ring of protection from cold
   (You took it off a goblin on level 3 of the Dungeon)
 J - a ring of fire
   (You found it on level 5 of the Dungeon)
Wands
 C - a wand of polymorph (7)
   (You took it off Ijyb on level 3 of the Dungeon)
Scrolls
 l - 2 scrolls of amnesia
 p - 3 scrolls of fog
 s - 3 scrolls of teleportation {@r4}
 x - a scroll of torment {!r}
 B - a scroll of magic mapping {!r}
 D - a scroll of noise {!r}
 K - a scroll of vulnerability {!r!r}
Potions
 c - 2 potions of berserk rage {!q}
 d - a potion of brilliance
 f - 2 potions of might {unknown}
 g - 2 potions of lignification {unknown}
 r - 2 potions of degeneration {unknown}
 t - 2 potions of curing {unknown}
 v - 2 potions of heal wounds {unknown}
 z - 2 potions of attraction {!q}
 H - a potion of mutation {unknown}
 I - a potion of haste {@q3}

Dungeon Overview and Level Annotations

Branches:
Dungeon (6/15)
 Temple: D:4-7

Altars:
Vehumet
Wu Jian

Annotations:
D:4 exclusion: door

#..........#
..........#
#####........#
##...........
##........#.#
#.........y.#
#........ยง..#
#..........##
#....@.........
#.......)..###.#
##............
#........####
#..........#
#..........#
#..........#
#..........#


You could see a hornet.


Message History

You barely miss the hornet.
You feel very sick.
The hornet barely misses you. x2 ๐Ÿ˜ฎ HP[-2]
You take 2 damage, and now have 85/141 hp.
You barely miss the hornet.
You feel sick. The hornet misses you.
The hornet barely misses you. ๐Ÿ˜ฎ HP[-2]
You take 2 damage, and now have 83/141 hp.
You whack the hornet!
You feel sick. The hornet stings you!
You feel as though you will be slow longer. ๐Ÿ˜ฎ HP[-9]
You take 9 damage, and now have 74/141 hp.
You hit the hornet.
You feel sick. The hornet stings you.
You feel as though you will be slow longer.
The hornet stings you!
* * * LOW HITPOINT WARNING * * *
You feel as though you will be slow longer. ๐Ÿ˜จ HP[-13]
You take 13 damage, and now have 61/141 hp.
You completely miss the hornet.
You feel sick. The hornet barely misses you.
The hornet closely misses you. ๐Ÿ˜จ HP[-1]
You take 1 damage, and now have 60/141 hp.
You closely miss the hornet.
You feel sick. The hornet barely misses you.
You hit the hornet.
You feel sick. The hornet stings you!
* * * LOW HITPOINT WARNING * * *
You feel as though you will be slow longer.
The hornet stings you but does no damage. ๐Ÿ˜จ HP[-11]
You take 11 damage, and now have 49/141 hp.
You closely miss the hornet.
You are no longer berserk.
You are exhausted.
You feel as though you will be slow longer.
You feel sick.
You are no longer poisoned.
The hornet closely misses you. The hornet stings you.
* * * LOW HITPOINT WARNING * * *
You suddenly lose the ability to move!
The hornet stings you!
* * * LOW HITPOINT WARNING * * *
You feel as though you will be slow longer.
You can move again. ๐Ÿ˜ฑ HP[-30]
You now have 94 max hp (-47).
Unknown command.
Unknown command.
Your skin crawls.
You feel strong-willed. The hornet closely misses you.
The hornet stings you but does no damage.
The hornet barely misses you. ๐Ÿ˜ฑ HP[+2]
You regained 2 hp, and now have 21/94 hp.
Unknown command.
Unknown command.
Unknown command.
You hit the hornet but do no damage. The hornet stings you.
* * * LOW HITPOINT WARNING * * *
You feel as though you will be slow longer.
The hornet stings you.
* * * LOW HITPOINT WARNING * * *
You shrug off the repeated paralysis! ๐Ÿ˜ฑ HP[-6]
You take 6 damage, and now have 15/94 hp.
Unknown command.
Unknown command.
You hit the hornet but do no damage. The hornet closely misses you.
The hornet barely misses you. The hornet stings you.
* * * LOW HITPOINT WARNING * * *
You are poisoned.
You feel as though you will be slow longer. ๐Ÿ˜ฑ HP[-1]
You take 1 damage, and now have 14/94 hp.
Unknown command.
Unknown command.
Okay, then.
It was a potion of attraction.
You feel attractive to monsters.
You feel very sick. The hornet stings you!
* * * LOW HITPOINT WARNING * * *
You are lethally poisoned!
You feel as though you will be slow longer.
The hornet misses you. ๐Ÿ˜ฑ HP[-10]
You take 10 damage, and now have 4/94 hp.
Okay, then.
You are lethally poisoned (4 -> -5).
Your willpower is greatly increased.
You are unable to berserk.
You attract monsters toward you.
You are flying.
You are regenerating.
You are slowed.
Your flying speed is very slow.
Your attack delay is about 1.6.
Your base attributes are Str 24, Int 8, Dex 8.
Unknown command.
Really read
y - a scroll of blinking {!r}?
Blink to where?
Press: ? - help, Dir - move target
As you read the scroll of blinking {!r}, it crumbles to dust.
You die...

Skill      XL: |  1  2  3  4  5  6  7  8 |
---------------+-------------------------+-----
Throwing       | 1 2 3 4 |  4.9
Dodging        | 3 4 5 |  5.4
Unarmed Combat | 3 |  3.1
Fighting       | 5 6 7 9 10 | 10.3

Action                   |  1- 3 |  4- 6 |  7- 9 || total
-------------------------+-------+-------+-------++-------
Melee: Unarmed           |   119 |    43 |       ||   162
       Punch             |     1 |     1 |     6 ||     8
       Whip              |       |    80 |   137 ||   217
Throw: Stone             |    56 |    77 |    64 ||   197
Invok: Berserk           |     1 |     2 |     2 ||     5
       Trog's Hand       |       |       |     1 ||     1
  Use: Scroll            |       |     7 |     4 ||    11
       Potion            |       |       |     1 ||     1
 Stab: Sleeping          |     1 |       |       ||     1
       Distracted        |       |       |     1 ||     1
Armor: Animal skin       |    22 |    25 |    23 ||    70
Dodge: Dodged            |    49 |    73 |   100 ||   222

Levels and vault maps discovered:
D:1:      ebering_hopf_link, layout_basic, ebering_ecumenical_altar_mist
D:2:      layout_basic, minivault_5
D:3:      layout_rooms, uniq_natasha, uniq_terence, uniq_ijyb
D:4:      layout_basic, nicolae_vehumet_altar_sigil,
          mainiacjoe_overflow_24_doors, kennysheep_generic_room_16
D:5:      layout_loops_ring, lemuel_zombie_altar_yredelemnul,
          gup_ossuary_entry_pyramid, wad_floor_pattern_untrapped, uniq_duvessa,
          uniq_eustachio
D:6:      layout_rooms, nicolae_dithmenos_through_a_glass_darkly,
          general_overflow_altar, chequers_serial_rivers_room_b,
          grunt_decor_resistance, lemuel_flamethrower_2

Notes
Turn   | Place    | Note
-------+----------+-------------------------------------------
     0 | D:1      | spaghetti the Ogre Berserker began the quest for the Orb.
     0 | D:1      | Reached XP level 1. HP: 24/24 MP: 1/1
     0 | D:1      | magus.rc [v1.9.6]
    78 | D:1      | Reached XP level 2. HP: 32/32 MP: 2/2
   119 | D:1      | Found a faded altar of an unknown god.
   194 | D:1      | You pick up a book of Displacement {forbidden} and begin
                  | reading...
   194 | D:1      | You add the spells Lesser Beckoning, Gell's Gravitas and
                  | Teleport Other to your library.
   575 | D:1      | Reached XP level 3. HP: 36/40 MP: 3/3
   740 | D:1      | Reached skill level 1 in Throwing
   848 | D:1      | Reached skill level 3 in Dodging
  1347 | D:2      | Reached skill level 3 in Unarmed Combat
  1524 | D:2      | Reached ** piety under Trog
  1902 | D:2      | Reached skill level 5 in Fighting
  1902 | D:2      | Reached XP level 4. HP: 33/50 MP: 4/4
  2347 | D:2      | Identified the +3 whip of the Owl {vorpal, rC+ Dex+7}
  2985 | D:3      | HP: 11/50 [orc/+0 falchion (3)]
  3272 | D:3      | Noticed Natasha
  3278 | D:3      | Killed Natasha
  3378 | D:3      | Reached XP level 5. HP: 56/59 MP: 5/5
  3404 | D:3      | Noticed Terence
  3412 | D:3      | Killed Terence
  3413 | D:3      | Reached skill level 2 in Throwing
  3531 | D:3      | Noticed Natasha
  3531 | D:3      | Noticed Ijyb
  3551 | D:3      | Killed Ijyb
  3552 | D:3      | Reached skill level 6 in Fighting
  3556 | D:3      | Killed Natasha
  3813 | D:3      | Noticed Natasha
  3821 | D:3      | Killed Natasha
  3822 | D:3      | Reached XP level 6. HP: 61/68 MP: 6/6
  3950 | D:4      | Noticed a black bear
  3957 | D:4      | Killed a black bear
  4156 | D:4      | You pick up a book of Spatial Translocations {forbidden}
                  | and begin reading...
  4156 | D:4      | You add the spells Blink and Manifold Assault to your
                  | library.
  4244 | D:4      | Reached skill level 7 in Fighting
  4370 | D:3      | Reached skill level 3 in Throwing
  4370 | D:3      | Reached skill level 4 in Dodging
  4569 | D:4      | Reached XP level 7. HP: 78/78 MP: 7/7
  4745 | D:4      | Found a radiant altar of Vehumet.
  4876 | D:4      | Reached skill level 8 in Fighting
  5246 | D:4      | Found an ornate altar of the Wu Jian Council.
  5414 | D:5      | Entered Level 5 of the Dungeon
  5952 | D:5      | Noticed Duvessa
  5954 | D:5      | Noticed Dowan
  5964 | D:5      | Killed Dowan
  5972 | D:5      | Killed Duvessa
  5973 | D:5      | Reached skill level 9 in Fighting
  5973 | D:5      | Reached skill level 4 in Throwing
  5973 | D:5      | Reached XP level 8. HP: 47/92 MP: 8/8
  6435 | D:5      | Noticed Eustachio
  6462 | D:5      | Killed Eustachio
  6463 | D:5      | Reached skill level 5 in Dodging
  6671 | D:5      | Reached skill level 10 in Fighting
  7188 | D:6      | Noticed a hornet
  7205 | D:6      | Paralysed by a hornet for 2 turns
  7206 | D:6      | HP: 19/94 [hornet (10)]
  7210 | D:6      | HP: 4/94 [hornet (8)]
  7211 | D:6      | Succumbed to a hornet's poison

Vanquished Creatures
  Eustachio (D:5)
  Duvessa (D:5)
  2 ice beasts (D:5)
  A black bear (D:4)
  3 ogres
  A phantom (D:4)
  A scorpion (D:5)
  Dowan (D:5)
  2 hounds
  Ijyb (D:3)
  Terence (D:3)
  3 iguanas
  Natasha (thrice) (D:3)
  A mummy (D:5)
  4 gnolls
  3 adders
  2 white imps (D:5)
  2 ufetubi (D:5)
  A worm (D:2)
  5 dart slugs
  6 orcs
  9 ball pythons
  2 bats
  9 endoplasms
  2 giant cockroaches
  6 goblins
  9 hobgoblins
  3 jackals (D:1)
  4 quokkas
  3 frilled lizards
  4 kobolds
  6 rats
102 creatures vanquished.

Table legend:
 A = Non-vault XP
 B = Vault XP
 C = Vault XP percentage of total XP
 D = Non-vault monster count
 E = Vault monster count
 F = Vault count percentage of total count
                 A         B        C        D         E       F
            +---------+---------+-------+---------+---------+-------
      Total |    1435 |     594 |  29.3 |      94 |       8 |   7.8
            +---------+---------+-------+---------+---------+-------
        D:1 |      52 |       0 |   0.0 |      26 |       0 |   0.0
        D:2 |      54 |       0 |   0.0 |      15 |       0 |   0.0
        D:3 |     138 |     107 |  43.7 |      23 |       3 |  11.5
        D:4 |     461 |      43 |   8.5 |      15 |       1 |   6.2
        D:5 |     730 |     444 |  37.8 |      15 |       4 |  21.1
            +---------+---------+-------+---------+---------+-------

Illustrated notes

Table legend:
 A = Kills in this place as a percentage of kills in entire the game.
 B = Kills by you in this place as a percentage of kills by you in the entire game.
 C = Kills by friends in this place as a percentage of kills by friends in the entire game.
 D = Other kills in this place as a percentage of other kills in the entire game.
 E = Experience gained in this place as a percentage of experience gained in the entire game.
 F = Experience gained in this place divided by the number of levels of this place that you have seen.
                   A       B       C       D       E      F
               +-------+-------+-------+-------+-------+----------------------
         Total | 100.0 | 100.0 |   N/A |   N/A | 100.0 | 338.2
       Dungeon | 100.0 | 100.0 |   N/A |   N/A | 100.0 | 338.2
               +-------+-------+-------+-------+-------+----------------------

Table legend: (Time is in decaauts)
 A = Elapsed time spent in this place.
 B = Non-inter-level travel time spent in this place.
 C = Inter-level travel time spent in this place.
 D = Time resting spent in this place.
 E = Time spent auto-exploring this place.
 F = Levels seen in this place.
 G = Mean time per level.
                   A        B        C        D        E       F      G
               +--------+--------+--------+--------+--------+-----+--------+
         Total |   7262 |   7082 |    180 |   1176 |   4959 |   6 | 1210.3 |
       Dungeon |   7262 |   7082 |    180 |   1176 |   4959 |   6 | 1210.3 |
               +--------+--------+--------+--------+--------+-----+--------+

Top non-repeatable levels by time:
     D:5: 1787 daAuts
     D:2: 1487 daAuts
     D:3: 1414 daAuts
     D:1: 1336 daAuts
     D:4: 1209 daAuts
     D:6: 26 daAuts
